 Dungeon Crawl Stone Soup version 0.18.1-48-g4cf74bf (webtiles) character file.

44 Mechanique the Magician (level 3, 0/24 HPs)
             Began as a Mummy Wizard on July 8, 2016.
             Slain by Kisielow's ghost (10 damage)
             ... on level 3 of the Dungeon.
             The game lasted 00:07:37 (2554 turns).

Mechanique the Magician (Mummy Wizard)              Turns: 2554, Time: 00:07:37

Health: 0/24       AC:  2    Str: 10    XL:     3   Next: 39%
Magic:  7/8        EV: 12    Int: 18    God:
Gold:   113        SH:  0    Dex: 10    Spells: 1 memorised, 8 levels left

rFire  x . .     SeeInvis .     n - +0 long sword
rCold  + . .     Gourm    .     a - +0 robe
rNeg   + + +     Faith    .     (no shield)
rPois  ∞         Spirit   .     b - +0 hat
rElec  .         Dismiss  .     (no cloak)
rCorr  .         Reflect  .     (no gloves)
SustAt .         Harm     .     (no boots)
MR     .....                    j - amulet of magic regeneration
Stlth  ++........               (no ring)
                                (no ring)

@: very slightly contaminated, not resistant to hostile enchantments, unstealthy
A: no food or potions, fire vulnerability, cold resistance 1, negative energy
resistance 3, torment resistance, unbreathing
a: no special abilities


You were on level 3 of the Dungeon.
You were not hungry.

You visited 1 branch of the dungeon, and saw 3 of its levels.

You collected 113 gold pieces.

Inventory:

Hand Weapons
 n - a +0 long sword (weapon)
Armour
 a - a +0 robe (worn)
 b - a +0 hat (worn)
Jewellery
 j - an amulet of magic regeneration (around neck)
Scrolls
 d - 4 scrolls of random uselessness {unknown}
 f - a scroll of immolation {unknown}
 g - a scroll of teleportation {unknown}
 h - 2 scrolls of noise {unknown}
 i - a scroll of blinking {unknown}
 k - 4 scrolls of identify {unknown}
 l - a scroll of remove curse {unknown}
 m - a scroll of fog {unknown}
Books
 c - a book of Minor Magic

   Spells                             Type                      Level
   a - Magic Dart                     Conjuration                  1
   b - Blink                          Translocation                2
   c - Call Imp                       Summoning                    2
   d - Repel Missiles                 Charms/Air                   2
   e - Slow                           Hexes                        2
   f - Conjure Flame                  Conjuration/Fire             3
   g - Mephitic Cloud                 Conjuration/Poison/Air       3


   Skills:
 + Level 2.0 Dodging
 - Level 1.5 Stealth
 + Level 3.8 Spellcasting
 + Level 1.1 Conjurations
   Level 0.7 Summonings
   Level 0.7 Translocations


You had 8 spell levels left.
You knew the following spells:

 Your Spells              Type           Power        Failure   Level  Hunger
a - Magic Dart            Conj           #...         12%         1    N/A

Dungeon Overview and Level Annotations

Branches:
Dungeon (3/15)

Altars:
Sif Muna

Annotations:
D:3 Kisielow's ghost, amateur CeHu


Innate Abilities, Weirdness & Mutations

You do not eat or drink.
Your flesh is vulnerable to fire.
You are immune to poison.
Your flesh is cold resistant.
You are immune to negative energy.
You are immune to unholy pain and torment.
You can survive without breathing.


Message History

Kisielow's ghost is lightly damaged.
Casting: Magic Dart
Confirm with . or Enter, or press ? or * to list all spells.
Aiming: Magic Dart
Press: ? - help, Shift-Dir - straight line, f/p - Kisielow's ghost
Aim: Kisielow's ghost (lightly damaged)
The magic dart hits Kisielow's ghost.
Kisielow's ghost is lightly damaged.
Kisielow's ghost completely misses you.
Casting: Magic Dart
Confirm with . or Enter, or press ? or * to list all spells.
Aiming: Magic Dart
Press: ? - help, Shift-Dir - straight line, f/p - Kisielow's ghost
Aim: Kisielow's ghost (lightly damaged)
You miscast Magic Dart.
You are very lightly contaminated with residual magic.
Sparks fly from your hands! Kisielow's ghost hits you!
Kisielow's ghost hits you. Kisielow's ghost hits you!
You die...

###
#.##################
#..................#
#......##...........
#......##.########..
#).....##.#...# #..
#.#)#####'#.#.# #..
#.#.# #.....#.####..
#.#@# #.....#.......
#.#W# #.....#####...
#.#.# #..........<..
#.#.# #.....#####.#.
#.#.# #...........#.
#.# #.....#######.
#.##............#.
#'##.##########.#.
............... ..


You could see Kisielow's ghost.

Vanquished Creatures
  A dart slug (D:2)
  4 bats
  3 giant cockroaches
  6 goblins
  6 hobgoblins
  7 kobolds
  3 giant newts
  9 rats
39 creatures vanquished.

Notes
Turn   | Place    | Note
--------------------------------------------------------------
     0 | D:1      | Mechanique the Mummy Wizard began the quest for the Orb.
     0 | D:1      | Reached XP level 1. HP: 13/13 MP: 4/4
   704 | D:1      | Reached XP level 2. HP: 19/19 MP: 0/6
  1971 | D:2      | Reached skill level 1 in Conjurations
  1971 | D:2      | Reached XP level 3. HP: 16/24 MP: 5/8
  2210 | D:2      | Found a deep blue altar of Sif Muna.
  2543 | D:3      | Noticed Kisielow's ghost (amateur CeHu)
  2554 | D:3      | Slain by Kisielow's ghost

Skill      XL: |  1  2 |
---------------+-------+-----
Dodging        | 2 |  2.0
Conjurations   | 1 |  1.1
Stealth        | |  1.5
Spellcasting   | |  3.8
Summonings     | |  0.7
Translocations | |  0.7

Action                   || total
-------------------------++-------
Melee: Dagger            ||    44
 Cast: Magic Dart        ||    84
Armor: Robe              ||     7
Dodge: Dodged            ||    38
